 Dungeon Crawl Stone Soup version 0.28-a0-1234-g826d19b2e0 (webtiles) character file.

Game seed: 12731065031297989114

47 Turgor the Vexing (level 3, 0/27 HPs)
             Began as a Barachi Arcane Marksman on Dec 23, 2021.
             Slain by an orc (4 damage)
             ... on level 2 of the Dungeon.
             The game lasted 00:17:07 (1424 turns).

Turgor the Vexing (Barachi Arcane Marksman)         Turns: 1424, Time: 00:17:07

Health: 0/27       AC:  2    Str: 11    XL:     3   Next: 70%
Magic:  6/6        EV: 12    Int: 15    God:
Gold:   39         SH:  0    Dex: 12    Spells: 2/6 levels left

rFire   . . .      SeeInvis .   f - +0 dagger
rCold   . . .      Faith    .   (no shield)
rNeg    . . .      Spirit   .   a - +0 robe
rPois   .          Reflect  .   (no helmet)
rElec   .          Harm     .   (no cloak)
rCorr   .          Rampage  .   (no gloves)
Will    .....                   (no boots)
Stlth   +.........              (no amulet)
HPRegen 0.09/turn               (no ring)
MPRegen 0.10/turn               (no ring)

@: unable to hop, slow
A: amphibious, slowness 1, strong legs 1, +LOS
a: Hop


You were on level 2 of the Dungeon.
You visited 1 branch of the dungeon, and saw 2 of its levels.

You collected 39 gold pieces.

Inventory:

Hand Weapons
 d - a +0 mace
 f - a +0 dagger (weapon)
Missiles
 c - 2 throwing nets (quivered)
 e - 10 stones
Armour
 a - a +0 robe (worn)
Scrolls
 g - a scroll of identify {unknown}
 i - a scroll of fear {unknown}
Potions
 h - 2 potions of cancellation {unknown}
 j - a potion of magic {unknown}


   Skills:
 + Level 2.2 Fighting
 + Level 2.5 Throwing
 - Level 2.1 Dodging
 + Level 2.0 Spellcasting
 + Level 3.8 Hexes


You had 2 spell levels left.
You knew the following spells:

 Your Spells              Type           Power      Damage    Failure   Level
a - Slow                  Hex            48%        N/A       4%          1
b - Portal Projectile     Hex/Tloc       14%        N/A       30%         3

Your spell library contained the following spells:

 Spells                   Type           Power      Damage    Failure   Level
 Inner Flame              Hex/Fire       7%         N/A       30%         3
 Cause Fear               Hex            6%         N/A       43%         4


Dungeon Overview and Level Annotations

Branches:
Dungeon (2/15)

Altars:


Innate Abilities, Weirdness & Mutations

You are amphibious.
You cover ground slowly.
You can hop short distances.
You have an extended range of vision and can be seen from far away.


Message History

The orc is moderately wounded.
The orc hits you with a +0 club.
You hit the orc.
The orc is heavily wounded.
The orc hits you with a +0 club.
You closely miss the orc.
The orc is heavily wounded.
The orc misses you.
You hit the orc.
The orc is severely wounded.
The orc barely misses you.
You hit the orc but do no damage.
The orc is severely wounded.
The orc hits you with a +0 club.
You completely miss the orc.
The orc is severely wounded.
The orc misses you.
You barely miss the orc.
The orc is severely wounded.
The orc misses you.
You closely miss the orc.
The orc is severely wounded.
The orc hits you with a +0 club.
You barely miss the orc.
The orc is severely wounded.
The orc hits you with a +0 club.
You hit the orc but do no damage.
The orc is severely wounded.
The orc hits you with a +0 club.
* * * LOW HITPOINT WARNING * * *
You hit the orc but do no damage.
The orc is severely wounded.
The orc hits you with a +0 club.
* * * LOW HITPOINT WARNING * * *
Hop to where?
Press: ? - help, Dir - move target Boing!
There is a stone staircase leading up here.
The orc hits you with a +0 club.
You die...

#......r..........#
#........#(#######
#........#.####
#........#.#..#
######.###.#..# #.
#)#..# #. #)#..# #.
#†#..# #.#@.#
#.##o# #.o..#
######


You could see an orc.

Vanquished Creatures
  A worm (D:2)
  2 orcs (D:2)
  3 bats
  2 endoplasms
  3 giant cockroaches (D:1)
  7 goblins (D:1)
  2 quokkas (D:1)
  7 ball pythons (D:1)
  3 frilled lizards (D:1)
  6 kobolds (D:1)
  2 rats (D:2)
38 creatures vanquished.

Notes
Turn   | Place    | Note
-------+----------+-------------------------------------------
     0 | D:1      | Turgor the Barachi Arcane Marksman began the quest for the
                  | Orb.
     0 | D:1      | Reached XP level 1. HP: 15/15 MP: 2/2
    56 | D:1      | Reached XP level 2. HP: 7/21 MP: 4/4
  1032 | D:1      | Reached XP level 3. HP: 27/27 MP: 5/5
  1234 | D:1      | Learned a level 3 spell: Portal Projectile
  1424 | D:2      | Slain by an orc

Illustrated notes

Levels and vault maps discovered:
D:1:      dpeg_arrival_short_road, layout_rooms, minmay_door_square
D:2:      layout_basic, basic_altar, minmay_hexomino_p4

Skill      XL: |  1  2  3 |
---------------+----------+-----
Fighting       | 2 |  2.2
Spellcasting   | 2 |  2.0
Throwing       | |  2.5
Dodging        | |  2.1
Hexes          | |  3.8

Action                   || total
-------------------------++-------
Melee: Dagger            ||    56
       Mace              ||     2
Throw: Javelin           ||    22
       Stone             ||   101
 Cast: Slow              ||     3
 Abil: Hop               ||     4
Armor: Robe              ||     8
Dodge: Dodged            ||    63

Table legend: (Time is in decaauts)
 A = Elapsed time spent in this place.
 B = Non-inter-level travel time spent in this place.
 C = Inter-level travel time spent in this place.
 D = Time resting spent in this place.
 E = Time spent auto-exploring this place.
 F = Levels seen in this place.
 G = Mean time per level.
                   A        B        C        D        E       F      G
               +--------+--------+--------+--------+--------+-----+--------+
         Total |   1557 |   1525 |     32 |    477 |    156 |   2 |  778.5 |
       Dungeon |   1557 |   1525 |     32 |    477 |    156 |   2 |  778.5 |
               +--------+--------+--------+--------+--------+-----+--------+

Top non-repeatable levels by time:
     D:1: 1434 daAuts
     D:2: 123 daAuts
